 Dungeon Sprint DCSS version 0.27-a0-334-g52645efa06 (webtiles) character file.

Game seed: 4728726777214250672

6899 sahdkjhfkaj the Brawler (level 11, -21/69 HPs)
             Began as a Vine Stalker Monk on Feb 13, 2021.
             Was the Champion of Cheibriados.
             Shot with a bolt by an orc knight (24 damage)
             ... in the Dungeon (Sprint IX: "|||||||||||||||||||||||||||||").
             The game lasted 00:02:45 (832 turns).

sahdkjhfkaj the Brawler (Vine Stalker Monk)          Turns: 832, Time: 00:02:46

Health: -21/69     AC: 11    Str: 33    XL:     11   Next: 6%
Magic:  0/15       EV: 13    Int: 25    God:    Cheibriados [******]
Gold:   666        SH:  0    Dex: 31    Spells: 10/10 levels left

rFire    . . .     SeeInvis .     - Unarmed
rCold    . . .     Faith    .   (no shield)
rNeg     . . .     Spirit   +   j - +1 chain mail
rPois    .         Reflect  .   (no helmet)
rElec    .         Harm     .   (no cloak)
rCorr    .         Rampage  .   h - +0 pair of gloves
Will     ++...     NoTele   +   i - +0 pair of boots
Stlth    ..........             (no amulet)
HPRegen  0.61/turn              m - ring of willpower
MPRegen  0.14/turn              v - +2 ring of evasion

@: very slow
A: fangs 3, regeneration 1, magic shield, antimagic bite, no potion heal 3
a: Renounce Religion, Bend Time, Temporal Distortion, Slouch, Step From Time


You were in the Dungeon.
You worshipped Cheibriados.
Cheibriados was exalted by your worship.
You visited 1 branch You collected 666 gold pieces.

Inventory:

Armour
 h - a +0 pair of gloves (worn)
 i - a +0 pair of boots (worn)
 j - a +1 chain mail (worn)
 r - a +0 cloak
 s - a +0 helmet
Jewellery
 c - a ring of protection from cold
 m - a ring of willpower (left hand)
 t - a +3 ring of intelligence
 v - a +2 ring of evasion (right hand)
Wands
 g - a wand of iceblast (10) {@v4}
 u - a wand of paralysis (9)
Scrolls
 e - 2 scrolls of amnesia
 f - a scroll of blinking {@r4}
 n - 2 scrolls of identify {@r1}
 o - 2 scrolls of enchant weapon
 p - a scroll of fog
 q - a scroll of silence
Potions
 a - 3 potions of brilliance
 b - 4 potions of curing {@q1}
 d - 2 potions of magic
 k - 2 potions of mutation
 l - a potion of might {@q4}


   Skills:
 - Level 13.6 Fighting
 - Level 2.4 Dodging
 - Level 2.4 Stealth
 - Level 19.5 Unarmed Combat
 + Level 4.4 Invocations


You had 10 spell levels left.
You didn't know any spells.
Your spell library was empty.

Dungeon Overview and Level Annotations

Branches:
Dungeon (1/1)

Altars:
Cheibriados
Dithmenos
Elyvilon
Fedhas
Gozag
Hepliaklqana
Kikubaaqudgha
Makhleb
Nemelex Xobeh
Okawaru
Qazlal
Ru
Sif Muna
Trog
Uskayaw
Vehumet
Wu Jian
Xom
Yredelemnul
Zin
The Shining One
Beogh
Jiyva
Lugonu


Innate Abilities, Weirdness & Mutations

You have razor-sharp teeth.
Your natural rate of healing is unusually fast.
When hurt, damage is shared between your health and your magic reserves.
Your bite disrupts and absorbs the magic of your enemies.
Potions cannot restore your health.


Message History

Press: ? - help, Dir - move target
As you read the scroll of blinking {@r4}, it crumbles to dust.
Aiming: Paralyse
Press: ? - help, Shift-Dir - straight line, f - orc warrior
Aim: an orc warrior, wielding a +0 dire flail and wearing a +0 plate armour (translocational energy, strong, chance to affect: 46%)
Okay, then.
Aiming: Paralyse
Press: ? - help, Shift-Dir - straight line, f - orc warrior
Aim: an orc warrior, wielding a +0 dire flail and wearing a +0 plate armour (translocational energy, strong, chance to affect: 46%)
The orc warrior suddenly stops moving!
Things that are here:
a +0 dagger; a +1 dagger of flaming; an orc corpse
Things that are here:
a +0 trident; 2 boomerangs; a +0 leather armour
Things that are here:
a +0 dagger; a +0 robe; an orc corpse
Items here: )) [[ †.
Things that are here:
a +0 club; a +0 ring mail; an orc corpse
Items here: )) [ ††.
There is an open door to the Orcish Mines, spattered with blood here.
Things that are here:
a +0 dagger; a +0 leather armour; an orc corpse As you close the door, pushing everything out of the way, it creaks loudly!
An orc warrior opens the door.
The orc knight roars a battlecry!
The orc knight unwields a +0 great sword.
The orc knight wields a +0 arbalest.
The orc knight shoots a bolt.
The bolt hits you!
The orc knight shoots a bolt.
The bolt hits you!
* * * LOW HITPOINT WARNING * * *
Okay, then.
Magic courses through your body.
The orc knight shoots a bolt.
The bolt hits you!!
* * * LOW HITPOINT WARNING * * *
Magic courses through your body.
The orc knight shoots a bolt.
The bolt hits you!
* * * LOW HITPOINT WARNING * * *
The orc knight shoots a bolt.
The bolt hits you!!
You die...

________'....)†....)'...<▓
▓▓▓▓▓▓▓▓▓▓▓▓▓▓▓▓▓▓▓▓▓▓▓▓▓▓
.........................▓
▓▓▓▓▓▓▓▓▓▓▓▓▓▓▓▓▓▓▓▓▓▓▓▓.▓
..†'†.........!.!'.......▓
▓▓▓▓▓▓▓▓▓▓▓▓▓▓▓▓▓▓▓▓▓▓▓▓▓▓
.........................▓
▓▓▓▓▓▓▓▓▓▓▓▓▓▓▓▓▓▓▓▓▓▓▓▓.▓
...))))))ooo....@........▓
▓▓▓▓▓▓▓▓▓▓▓▓▓▓▓▓▓▓▓▓▓▓▓▓▓▓


You could see an orc knight and 2 orc warriors.

Vanquished Creatures
  A hydra (D)
  An orc high priest (D)
  Urug (D)
  An orc knight (D)
  A cyclops (D)
  3 cane toads (D)
  A dream sheep (D)
  2 blink frogs (D)
  A wyvern (D)
  3 yaks (D)
  A basilisk (D)
  A warg (D)
  2 hell hounds (D)
  A water moccasin (D)
  5 orc warriors (D)
  A sky beast (D)
  An ogre (D)
  5 wolves (D)
  5 bullfrogs (D)
  A scorpion (D)
  A hound (D)
  An orc priest (D)
  A jelly (D)
  4 orc wizards (D)
  A hell rat (D)
  An adder (D)
  2 shadow imps (D)
  8 orcs (D)
  A giant cockroach (D)
  A goblin (D)
  2 hobgoblins (D)
  A ball python skeleton (D)
  A kobold (D)
  2 quokka skeletons (D)
  A rat (D)
66 creatures vanquished.

Notes
Turn   | Place    | Note
-------+----------+-------------------------------------------
     0 | D        | sahdkjhfkaj the Vine Stalker Monk began the quest for the
                  | Orb.
     0 | D        | Reached XP level 1. HP: 11/11 MP: 2/2
    13 | D        | Reached skill level 4 in Unarmed Combat
    20 | D        | Noticed an ogre
    20 | D        | Noticed a hound
    26 | D        | Killed a hound
    27 | D        | Reached skill level 6 in Unarmed Combat
    27 | D        | Reached XP level 2. HP: 10/17 MP: 1/3
    27 | D        | Reached XP level 3. HP: 12/21 MP: 1/4
    33 | D        | Killed an ogre
    34 | D        | Reached skill level 5 in Fighting
    34 | D        | Reached skill level 8 in Unarmed Combat
    34 | D        | Gained mutation: Your natural rate of healing is unusually
                  | fast. [Vine Stalker growth]
    34 | D        | Reached XP level 4. HP: 11/28 MP: 5/5
    34 | D        | Reached XP level 5. HP: 12/32 MP: 6/6
    65 | D        | Found a roughly hewn altar of Beogh.
    65 | D        | Found a snail-covered altar of Cheibriados.
    65 | D        | Found a shadowy altar of Dithmenos.
    65 | D        | Found a white marble altar of Elyvilon.
    65 | D        | Found a blossoming altar of Fedhas.
    65 | D        | Found an opulent altar of Gozag.
    72 | D        | Found a hazy altar of Hepliaklqana.
    73 | D        | Found a viscous altar of Jiyva.
    74 | D        | Found an ancient bone altar of Kikubaaqudgha.
    75 | D        | Became a worshipper of Cheibriados the Contemplative
    75 | D        | Reached * piety under Cheibriados
    75 | D        | Reached ** piety under Cheibriados
    76 | D        | Found a corrupted altar of Lugonu.
    77 | D        | Found a burning altar of Makhleb.
    78 | D        | Found a sparkling altar of Nemelex Xobeh.
    79 | D        | Found an iron altar of Okawaru.
    80 | D        | Found a stormy altar of Qazlal.
    81 | D        | Found a sacrificial altar of Ru.
    82 | D        | Found a shimmering blue altar of Sif Muna.
    83 | D        | Found a bloodstained altar of Trog.
    84 | D        | Found a hide-covered altar of Uskayaw.
    85 | D        | Found a radiant altar of Vehumet.
    86 | D        | Found an ornate altar of the Wu Jian Council.
    87 | D        | Found a shimmering altar of Xom.
    88 | D        | Found a basalt altar of Yredelemnul.
    89 | D        | Found a glowing silver altar of Zin.
    90 | D        | Found a glowing golden altar of the Shining One.
   151 | D        | Noticed an orc warrior
   163 | D        | Killed an orc warrior
   164 | D        | Reached skill level 10 in Unarmed Combat
   164 | D        | Reached XP level 6. HP: 32/37 MP: 7/7
   167 | D        | Reached *** piety under Cheibriados
   172 | D        | Reached **** piety under Cheibriados
   178 | D        | Noticed a cyclops
   178 | D        | Noticed an orc warrior
   178 | D        | Noticed a sky beast
   184 | D        | Killed a sky beast
   185 | D        | Reached skill level 11 in Unarmed Combat
   187 | D        | Reached ***** piety under Cheibriados
   188 | D        | Reached skill level 12 in Unarmed Combat
   188 | D        | Reached XP level 7. HP: 44/44 MP: 8/8
   196 | D        | Killed a cyclops
   197 | D        | Reached skill level 13 in Unarmed Combat
   197 | D        | Gained mutation: You have razor-sharp teeth. [Vine Stalker
                  | growth]
   197 | D        | Reached XP level 8. HP: 43/50 MP: 7/9
   319 | D        | Noticed a cane toad
   319 | D        | Noticed a wyvern
   319 | D        | Noticed a cane toad
   319 | D        | Noticed a six-headed hydra
   323 | D        | Killed a six-headed hydra
   324 | D        | Reached skill level 10 in Fighting
   324 | D        | Reached skill level 15 in Unarmed Combat
   328 | D        | Killed a cane toad
   328 | D        | Noticed a yak
   329 | D        | Reached XP level 9. HP: 6/56 MP: 2/10
   331 | D        | Reached ****** piety under Cheibriados
   334 | D        | Reached skill level 16 in Unarmed Combat
   336 | D        | Killed a cane toad
   433 | D        | Reached skill level 17 in Unarmed Combat
   448 | D        | Noticed a cane toad
   457 | D        | Killed a cane toad
   458 | D        | Reached XP level 10. HP: 62/62 MP: 11/11
   470 | D        | Reached skill level 18 in Unarmed Combat
   591 | D        | Noticed Urug
   599 | D        | Killed Urug
   600 | D        | Reached skill level 19 in Unarmed Combat
   744 | D        | Noticed an orc high priest
   748 | D        | Killed an orc high priest
   794 | D        | Noticed an orc knight
   802 | D        | Noticed an orc knight
   810 | D        | Killed an orc knight
   811 | D        | Reached XP level 11. HP: 29/69 MP: 11/15
   831 | D        | HP: 2/69 [orc knight/bolt (3)]
   832 | D        | Shot with a bolt by an orc knight

Illustrated notes

Levels and vault maps discovered:
D:        linesprint [early_d, line_temple, items_1, d_10, items_2, lair_1,
          lair_end, items_3, orc_1, orc_end, items_4, d_15, swamp_1, shoals_1,
          snake_1, spider_1, d_20, vaults_1, items_5, swamp_end, shoals_end,
          snake_end, spider_end, vaults_end, d_27, items_6, zot_1, zot_end,
          crypt_end, forest_end, elf_end, slime_end, tomb_end, abyss_end,
          pan_hell_end]

Skill      XL: |  1  2  3  4  5  6  7  8  9 10 |
---------------+-------------------------------+-----
Fighting       | 4 5 6 8 9 11 12 13 | 13.6
Unarmed Combat | 6 8 10 12 13 15 17 19 | 19.5
Invocations    | 4 |  4.4
Dodging        | |  2.4
Stealth        | |  2.4

Action                   |  1- 3 |  4- 6 |  7- 9 | 10-12 || total
-------------------------+-------+-------+-------+-------++-------
Melee: Unarmed           |    20 |    29 |    41 |    67 ||   157
       Bite              |     5 |    12 |    24 |    28 ||    69
       Punch             |       |     2 |     4 |    13 ||    19
Evoke: Wand              |       |       |       |     1 ||     1
  Use: Potion            |     2 |       |     2 |     2 ||     6
       Scroll            |       |       |     1 |     1 ||     2
 Stab: Sleeping          |     1 |       |       |       ||     1
       Invisible         |       |       |     4 |       ||     4
Armor: Robe              |     1 |       |       |       ||     1
       Chain mail        |       |     6 |     9 |    15 ||    30
Dodge: Dodged            |     7 |     5 |    23 |    28 ||    63

Table legend: (Time is in decaauts)
 A = Elapsed time spent in this place.
 B = Non-inter-level travel time spent in this place.
 C = Inter-level travel time spent in this place.
 D = Time resting spent in this place.
 E = Time spent auto-exploring this place.
 F = Levels seen in this place.
 G = Mean time per level.
                   A        B        C        D        E       F      G
               +--------+--------+--------+--------+--------+-----+--------+
         Total |   1070 |   1070 |      0 |     28 |    639 |   1 | 1070.0 |
       Dungeon |   1070 |   1070 |      0 |     28 |    639 |   1 | 1070.0 |
               +--------+--------+--------+--------+--------+-----+--------+

Top non-repeatable levels by time:
       D: 1070 daAuts
